 Dungeon Crawl Stone Soup version 0.17.1-2-g5865329 (webtiles) character file.

150 PossumBlood the Magician (level 5, -1/28 HPs)
             Began as a Deep Elf Fire Elementalist on Jan 22, 2016.
             Slain by Caphalor's ghost (4 damage)
             ... on level 3 of the Dungeon.
             The game lasted 00:13:58 (2225 turns).

PossumBlood the Magician (DEFE)                     Turns: 2225, Time: 00:13:58

Health: -1/28      AC:  2    Str:  5    XL:     5   Next: 10%
Magic:  0/14       EV: 13    Int: 21    God:
Gold:   133        SH:  0    Dex: 15    Spells: 5 memorised, 1 level left

rFire  . . .     SeeInvis .     n - +0 dagger
rCold  . . .     Clarity  .     a - +0 robe
rNeg   . . .     SustAt   .     (no shield)
rPois  .         Gourm    .     (no helmet)
rElec  .         Spirit   .     (no cloak)
rCorr  .         Warding  .     (no gloves)
rMut   +         Stasis   .     (no boots)
MR     +....                    o - amulet of resist mutation
Stlth  ++........               (no ring)
                                (no ring)

@: very slightly contaminated, hasted, very quick, somewhat resistant to hostile
enchantments, unstealthy
A: magic resistance 1
a: no special abilities


You were on level 3 of the Dungeon.
You were hungry.

You visited 1 branch of the dungeon, and saw 4 of its levels.

You collected 133 gold pieces.

Inventory:

Hand Weapons
 n - a +0 dagger (weapon)
Armour
 a - a +0 robe (worn)
Jewellery
 o - an amulet of resist mutation (around neck)
Scrolls
 e - a scroll of random uselessness
Books
 b - a book of Flames

   Spells                             Type                      Level
   a - Flame Tongue                   Conjuration/Fire             1
   b - Throw Flame                    Conjuration/Fire             2
   c - Conjure Flame                  Conjuration/Fire             3
   d - Inner Flame                    Hexes/Fire                   3
   e - Sticky Flame                   Conjuration/Fire             4
   f - Fireball                       Conjuration/Fire             5
Comestibles
 c - a bread ration
 f - 2 meat rations
 k - a fruit


   Skills:
 - Level 2.4 Dodging
 - Level 2.4 Stealth
 + Level 5.3 Spellcasting
 - Level 4.1 Conjurations
 + Level 3.2 Fire Magic


You had one spell level left.
You knew the following spells:

 Your Spells              Type           Power        Failure   Level  Hunger
a - Flame Tongue          Conj/Fire      ###..        1%          1    None
b - Throw Flame           Conj/Fire      ###...       3%          2    None
c - Conjure Flame         Conj/Fire      ###.....     10%         3    ##.....
d - Inner Flame           Hex/Fire       ##......     21%         3    ##.....
e - Sticky Flame          Conj/Fire      ###.....     24%         4    ####...


Dungeon Overview and Level Annotations

Branches:
Dungeon (4/15)
 Temple: D:4-7

Altars:
Fedhas

Annotations:
D:3 Caphalor's ghost, amateur MfGl


Innate Abilities, Weirdness & Mutations

You are resistant to hostile enchantments.


Message History

You hit Caphalor's ghost but do no damage.
Caphalor's ghost is severely damaged.
Casting: Flame Tongue
Confirm with . or Enter, or press ? or * to list all spells.
Aiming: Flame Tongue
Press: ? - help, Shift-Dir - straight line, f/p - Caphalor's ghost
Aim: Caphalor's ghost (severely damaged)
The flame tongue hits Caphalor's ghost.
Caphalor's ghost is almost destroyed.
Caphalor's ghost hits you!
* * * LOW HITPOINT WARNING * * *
Drink which item? (? for menu, Esc to quit)
You feel resistant to hostile enchantments.
You feel fantastic! Caphalor's ghost misses you.
You hit Caphalor's ghost.
Caphalor's ghost is almost destroyed.
You hit Caphalor's ghost.
Caphalor's ghost is almost destroyed.
Caphalor's ghost hits you.
You die...

### #.# #<# #.#
#.# #.# #.#
#.##########
#.##@W.....+
#.##.#######
#.##.#
########.##.#
#........##.#
##.########.####
#.# #....# #.#
#....# #.#
#....#######


You could see Caphalor's ghost.

Vanquished Creatures
  A hound (D:4)
  Ijyb (D:2)
  5 adders (D:2)
  A worm (D:2)
  4 giant geckos
  A giant cockroach (D:2)
  3 goblins (D:2)
  6 hobgoblins
  2 jackals (D:1)
  2 quokkas (D:2)
  4 bats
  2 giant newts
  3 kobolds
  7 rats
42 creatures vanquished.

Notes
Turn   | Place    | Note
--------------------------------------------------------------
     0 | D:1      | PossumBlood the Deep Elf Fire Elementalist began the quest for the Orb.
     0 | D:1      | Reached XP level 1. HP: 10/10 MP: 6/6
   323 | D:1      | Reached XP level 2. HP: 15/15 MP: 6/8
   327 | D:1      | Learned a level 2 spell: Throw Flame
   669 | D:2      | Reached skill level 4 in Spellcasting
   776 | D:2      | Reached XP level 3. HP: 19/19 MP: 8/10
   980 | D:2      | Noticed Ijyb
   990 | D:2      | Killed Ijyb
   999 | D:2      | Reached XP level 4. HP: 6/24 MP: 0/12
  1322 | D:2      | Found a blossoming altar of Fedhas.
  1586 | D:2      | Reached skill level 5 in Spellcasting
  1857 | D:3      | Noticed Caphalor's ghost (amateur MfGl)
  2141 | D:4      | Reached XP level 5. HP: 25/28 MP: 7/14
  2192 | D:4      | Learned a level 3 spell: Conjure Flame
  2196 | D:4      | Learned a level 3 spell: Inner Flame
  2201 | D:4      | Learned a level 4 spell: Sticky Flame
  2223 | D:3      | Gained mutation: You are resistant to hostile enchantments. [potion of beneficial mutation]
  2225 | D:3      | Slain by Caphalor's ghost

Action                   |  1- 3 |  4- 6 || total
-------------------------+-------+-------++-------
Melee: Unarmed           |     7 |       ||     7
       Dagger            |     3 |    11 ||    14
 Cast: Flame Tongue      |    51 |    45 ||    96
       Throw Flame       |     8 |     4 ||    12
       Sticky Flame      |       |     3 ||     3
  Use: Scroll            |     2 |     8 ||    10
       Potion            |     1 |     5 ||     6
  Eat: Fruit             |       |     2 ||     2
       Royal jelly       |       |     1 ||     1
